 Dungeon Crawl Stone Soup version 0.30-a0-394-g3e4acdb0ae (webtiles) character file.

Game seed: 12294233138562184929

505 Lobster4 the Gusty (level 7, -1/40 HPs)
             Began as a Tengu Air Elementalist on Dec 7, 2022.
             Was an Initiate of Vehumet.
             Slain by Edmund
             ... wielding a +2 flail of protection
              (8 damage)
             ... on level 5 of the Dungeon.
             The game lasted 00:15:11 (4413 turns).

Lobster4 the Gusty (Tengu Air Elementalist)         Turns: 4413, Time: 00:15:12

Health: -1/40      AC:  3    Str: 13    XL:     7   Next: 18%
Magic:  10/12      EV: 14    Int: 17    God:    Vehumet [......]
Gold:   100        SH:  0    Dex: 14    Spells: 9/12 levels left

rFire   . . .      SeeInvis .    i - +1 dagger
rCold   . . .      Faith    .    (no shield)
rNeg    . . .      Spirit   .    j - +0 leather armour
rPois   .          Reflect  .    (helmet restricted)
rElec   +          Harm     .    (no cloak)
rCorr   .          Rampage  .    (no gloves)
Will    .....                    (boots unavailable)
Stlth   ++........               k - amulet "Onwaem Liph" {RegenMP rElec}
HPRegen 0.26/turn                q - ring of Sloth {Ice Str+4}
MPRegen 0.53/turn                y - ring of fire

@: flying quickly and evasively, quick
A: beak, talons 3, nimble flight
a: Renounce Religion


You were on level 5 of the Dungeon.
You worshipped Vehumet.
Vehumet was noncommittal.
You visited 2 branches of the dungeon, and saw 6 of its levels.

You collected 170 gold pieces.
You spent 70 gold pieces at shops.

Inventory:

Hand Weapons
 i - a +1 dagger (weapon)
 o - a +0 war axe
Missiles
 m - an atropa-tipped dart
 w - 6 javelins (quivered)
Armour
 a - a +0 robe
 j - a +0 leather armour (worn)
Jewellery
 k - the amulet "Onwaem Liph" (around neck) {RegenMP rElec}
   (You acquired it on level 4 of the Dungeon)

   [amulet of magic regeneration]

   It increases your rate of magic regeneration.
   rElec:     It insulates you from electricity.
 q - the ring of Sloth (left hand) {Ice Str+4}
   (You found it on level 2 of the Dungeon)

   [ring of ice]

   It enhances your ice magic.
   Str:       It affects your strength (+4).
   rF:        It makes you vulnerable to fire.
   rC:        It protects you from cold.
 s - a ring of ice
 t - an amulet of regeneration
 y - a ring of fire (right hand)
Scrolls
 r - a scroll of poison {unknown}
Potions
 b - a potion of magic
 c - a potion of invisibility {unknown}
 f - a potion of flight
 g - a potion of curing
 h - 2 potions of ambrosia {unknown}
 l - 4 potions of berserk rage {unknown}
 n - 2 potions of attraction {unknown}
 x - a potion of lignification {unknown}


   Skills:
 + Level 2.4 Fighting
 + Level 1.4 Throwing
 + Level 2.5 Armour
 - Level 3.0 Dodging
 - Level 3.0 Stealth
 + Level 3.0 Spellcasting
 + Level 3.5 Conjurations
 * Level 6.3 Air Magic


You had 9 spell levels left.
You knew the following spells:

 Your Spells              Type           Power      Damage    Failure   Level
a - Shock                 Conj/Air       76%        1d7       3%          1
b - Static Discharge      Conj/Air       38%        2-4/arc   4%          2

Your spell library contained the following spells:

 Spells                   Type           Power      Damage    Failure   Level
 Swiftness                Air            24%        N/A       4%          3
 Airstrike                Air            12%        2d(2-18)  16%         4
 Beastly Appendage        Tmut           4%         N/A       22%         1
 Blink                    Tloc           4%         N/A       32%         2
 Wereblood                Tmut           2%         N/A       32%         2
 Portal Projectile        Hex/Tloc       4%         N/A       54%         3
 Spider Form              Tmut/Pois      2%         N/A       54%         3
 Tukima's Dance           Hex            2%         N/A       54%         3
 Manifold Assault         Tloc           2%         N/A       91%         4
 Blade Hands              Tmut           1%         N/A       99%         5
 Storm Form               Tmut/Air       6%         N/A       100%        7


Dungeon Overview and Level Annotations

Branches:
Dungeon (5/15)             Temple (1/1) D:4

Altars:
Ashenzari
Dithmenos
Elyvilon
Fedhas
Hepliaklqana
Kikubaaqudgha
Makhleb
Okawaru
Qazlal
Ru
Sif Muna
Trog
Vehumet
Wu Jian
Yredelemnul
Zin
The Shining One

Shops:
D:3 *   D:4 =*:!

Annotations:
D:3 exclusion: phantom, Sigmund
D:4 exclusion: sky beast
D:5 Edmund


Innate Abilities, Weirdness & Mutations

You have a beak for a mouth.
You have claws for feet.
Your magical nature lets you fly swiftly and evasively.


Message History

You feel much better. Edmund misses you.
Edmund hits you with a +2 flail of protection!
Edmund says, "People think my brother is the best.
I think he's crazy."
Edmund closely misses you.
Casting: Shock (safe; 3% risk of failure)
Confirm with . or Enter, or press ? or * to list all spells.
Aiming: Shock (safe; 3% risk of failure)
Press: ? - help, Shift-Dir - straight line, f/p - Edmund
Aim: Edmund, wielding a +2 flail of protection and wearing a +0 leather armour (almost dead, 71% to hit)
The zap misses Edmund.
The zap hits Edmund.
Edmund is almost dead.
Edmund hits you with a +2 flail of protection!
Casting: Shock (safe; 3% risk of failure)
Confirm with . or Enter, or press ? or * to list all spells.
Aiming: Shock (safe; 3% risk of failure)
Press: ? - help, Shift-Dir - straight line, f/p - Edmund
Aim: Edmund, wielding a +2 flail of protection and wearing a +0 leather armour (almost dead, 71% to hit)
The zap misses Edmund. x2
Edmund hits you with a +2 flail of protection!
* * * LOW HITPOINT WARNING * * *
Casting: Shock (safe; 3% risk of failure)
Confirm with . or Enter, or press ? or * to list all spells.
Aiming: Shock (safe; 3% risk of failure)
Press: ? - help, Shift-Dir - straight line, f/p - Edmund
Aim: Edmund, wielding a +2 flail of protection and wearing a +0 leather armour (almost dead, 71% to hit)
The zap hits Edmund but does no damage.
Edmund is almost dead.
The zap hits Edmund.
Edmund is almost dead.
Edmund misses you.
Casting: Shock (safe; 3% risk of failure)
Confirm with . or Enter, or press ? or * to list all spells.
Aiming: Shock (safe; 3% risk of failure)
Press: ? - help, Shift-Dir - straight line, f/p - Edmund
Aim: Edmund, wielding a +2 flail of protection and wearing a +0 leather armour (almost dead, 71% to hit)
The zap hits Edmund but does no damage.
Edmund is almost dead.
The zap misses Edmund.
Edmund hits you with a +2 flail of protection!
You die...

######..###.#.####..
#................'..
#...............##..
#........##.........
#........##.##.##...
#........##..)......
#........##.###.....
#........##...#.....
#..@.....##.#+######
#..@.....##.....#
#........###....####
#.......$# #........
#####....# #....####
#....# #....####
#...$# #.....#..
#....# #.....#..
#....# #.....#..


You could see Edmund.

Vanquished Creatures
  2 scorpions
  A howler monkey (D:5)
  2 jellies
  2 hounds (D:4)
  3 iguanas (D:4)
  A gnoll (D:3)
  7 adders
  2 worms (D:3)
  A dart slug (D:1)
  2 orcs
  3 ball pythons
  4 endoplasms
  3 giant cockroaches
  4 goblins
  10 hobgoblins
  7 jackals
  4 quokkas
  6 bats
  5 frilled lizards
  4 kobolds
  8 rats
81 creatures vanquished.

Vanquished Creatures (others)
  10 plants (D:5)
10 creatures vanquished.

Grand Total: 91 creatures vanquished

Notes
Turn   | Place    | Note
-------+----------+-------------------------------------------
     0 | D:1      | Lobster4 the Tengu Air Elementalist began the quest for the
                  | Orb.
     0 | D:1      | Reached XP level 1. HP: 10/10 MP: 4/4
   241 | D:1      | Reached XP level 2. HP: 15/15 MP: 3/6
   284 | D:1      | Learned a level 2 spell: Static Discharge
   661 | D:1      | Found a faded altar of an unknown god.
  1038 | D:2      | Reached XP level 3. HP: 20/20 MP: 4/7
  1076 | D:2      | Identified the ring of Sloth {Ice Str+4}
  1328 | D:2      | You fall into a shaft and drop 1 floor!
  1433 | D:3      | Found Qotifeha's Assorted Antiques.
  1761 | D:3      | Reached skill level 1 in Fighting
  1761 | D:3      | Reached XP level 4. HP: 25/25 MP: 2/8
  2237 | D:3      | Reached skill level 1 in Armour
  2361 | D:3      | Noticed a phantom
  2641 | D:3      | Noticed Sigmund
  3163 | D:4      | Reached skill level 5 in Air Magic
  3163 | D:4      | Gained mutation: Your magical nature lets you fly swiftly
                  | and evasively. [Tengu growth]
  3163 | D:4      | Reached XP level 5. HP: 29/29 MP: 4/9
  3344 | D:4      | Reached skill level 1 in Throwing
  3344 | D:4      | Reached XP level 6. HP: 34/35 MP: 4/10
  3421 | D:4      | Noticed a sky beast
  3429 | D:4      | Found Muluc's Jewellery Boutique.
  3429 | D:4      | Found Etovyfam's Book Boutique.
  3470 | D:4      | Found a basalt altar of Yredelemnul.
  3581 | D:4      | Identified a scroll of acquirement
  3581 | D:4      | Acquired the amulet "Onwaem Liph" {RegenMP rElec}
  3859 | D:4      | Found Icae's General Store.
  3859 | D:4      | Found a staircase to the Ecumenical Temple.
  3861 | D:4      | Found Pelegaca's Distillery.
  3870 | Temple   | Entered the Ecumenical Temple
  3870 | Temple   | Found a transporter.
  3870 | Temple   | Found a transporter.
  3872 | Temple   | Found a transporter.
  3872 | Temple   | Found a transporter.
  3891 | Temple   | Became a worshipper of Vehumet
  4044 | D:4      | Bought a potion of heal wounds for 70 gold pieces
  4109 | D:5      | Entered Level 5 of the Dungeon
  4162 | D:5      | Reached skill level 6 in Air Magic
  4245 | D:5      | Reached XP level 7. HP: 40/40 MP: 10/12
  4263 | D:5      | Noticed Edmund
  4413 | D:5      | Slain by Edmund

Illustrated notes

Levels and vault maps discovered:
D:1:      minmay_arrival_five_plusses, layout_loops_ring,
          chequers_ecumenical_altar_grove
D:2:      layout_basic, solitary_fountain
D:3:      minmay_razor_zed, layout_basic, serial_shops, nicolae_shop_trees,
          hangedman_abyss_or_decor_lesser_grid, uniq_sigmund
D:4:      layout_basic, amcnicky_altar_gilded, minmay_temple_entry_glass,
          minmay_shop_grid_forest
D:5:      layout_basic, serial_bayou_lagoon_a, uniq_edmund, uniq_prince_ribbit1
Temple:   hellmonk_temple_divided_pantheon

Skill      XL: |  1  2  3  4  5  6  7 |
---------------+----------------------+-----
Conjurations   | 2 3 |  3.5
Fighting       | 1 2 |  2.4
Armour         | 1 2 |  2.5
Air Magic      | 5 6 |  6.3
Dodging        | 3 |  3.0
Throwing       | 1 |  1.4
Stealth        | 3 |  3.0
Spellcasting   | 3 |  3.0

Action                   |  1- 3 |  4- 6 |  7- 9 || total
-------------------------+-------+-------+-------++-------
Melee: Dagger            |     1 |     7 |     1 ||     9
       Kick              |       |     2 |     1 ||     3
       Peck              |       |     2 |       ||     2
       Punch             |       |     1 |       ||     1
Throw: Javelin           |       |     5 |       ||     5
       Dart              |       |       |     1 ||     1
 Cast: Shock             |    73 |   124 |    29 ||   226
  Use: Scroll            |       |    11 |     1 ||    12
       Potion            |       |       |     1 ||     1
Armor: Robe              |     1 |     7 |       ||     8
       Leather armour    |       |    10 |       ||    10
Dodge: Dodged            |     3 |    32 |     6 ||    41

Table legend: (Time is in decaauts)
 A = Elapsed time spent in this place.
 B = Non-inter-level travel time spent in this place.
 C = Inter-level travel time spent in this place.
 D = Time resting spent in this place.
 E = Time spent auto-exploring this place.
 F = Levels seen in this place.
 G = Mean time per level.
                   A        B        C        D        E       F      G
               +--------+--------+--------+--------+--------+-----+--------+
         Total |   4348 |   4225 |    123 |    519 |   2791 |   6 |  724.7 |
       Dungeon |   4298 |   4175 |    123 |    511 |   2791 |   5 |  859.6 |
        Temple |     49 |     49 |      0 |      8 |      0 |   1 |   49.0 |
               +--------+--------+--------+--------+--------+-----+--------+

Top non-repeatable levels by time:
     D:3: 1625 daAuts
     D:4: 1101 daAuts
     D:1: 784 daAuts
     D:2: 542 daAuts
     D:5: 244 daAuts
  Temple: 49 daAuts
